 Dungeon Crawl Stone Soup version 0.18.1-8-gdd0e5ea (webtiles) character file.

16699 Loading the Severer (level 12, -6/110 HPs)
             Began as a Hill Orc Fighter on May 29, 2016.
             Was a Priest of Beogh.
             Mangled by a sixfirhy (8 damage)
             ... on level 2 of the Abyss.
             The game lasted 00:25:34 (11207 turns).

Loading the Severer (Hill Orc Fighter)             Turns: 11207, Time: 00:25:35

Health: -6/110     AC: 14    Str: 20    XL:     12   Next: 40%
Magic:  18/18      EV:  8    Int: 12    God:    Beogh [***...]
Gold:   776        SH: 10    Dex: 16    Spells: 0 memorised, 11 levels left

rFire  + + .     SeeInvis .     D - +7 hand axe "Zoozed" {freeze, Stlth+}
rCold  + . .     Gourm    +     y - +2 ring mail of Agnosticism {rF++ rC+ Int+4 Dex+2}
rNeg   . . .     Faith    .     c - +0 shield
rPois  +         Spirit   .     G - +1 helmet
rElec  .         Dismiss  .     (no cloak)
rCorr  .         Reflect  .     (no gloves)
SustAt .         Harm     .     H - +0 pair of boots
MR     +....                    E - amulet of the gourmand
Stlth  ++........               o - ring of protection from magic
                                O - ring of poison resistance

@: very slightly contaminated, non-regenerating, mildly diseased, hasted, very
quick, somewhat resistant to hostile enchantments, unstealthy
A: no striking features
a: Smiting, Renounce Religion


You were on level 2 of the Abyss.
You worshipped Beogh.
Beogh was most pleased with you.
You were very full.

You visited 2 branches of the dungeon, and saw 11 of its levels.
You visited the Abyss 1 time.

You collected 776 gold pieces.

Inventory:

Hand Weapons
 a - a +1 war axe
 D - the +7 hand axe "Zoozed" (weapon) {freeze, Stlth+}
   (You found it on level 7 of the Dungeon)

   It has been specially enchanted to freeze those struck by it, causing extra
   injury to most foes and up to half again as much damage against particularly
   susceptible opponents.
   It can also slow down cold-blooded creatures.
   It makes you more stealthy.
Armour
 c - a +0 shield (worn)
 v - a +0 chain mail
 y - the +2 ring mail of Agnosticism (worn) {rF++ rC+ Int+4 Dex+2}
   (You found it on level 7 of the Dungeon)

   It affects your intelligence (+4).
   It affects your dexterity (+2).
   It greatly protects you from fire.
   It protects you from cold.
 G - a +1 helmet (worn)
 H - a +0 pair of boots (worn)
Jewellery
 d - an uncursed ring of magical power
 o - a ring of protection from magic (right hand)
 q - an uncursed ring of sustain attributes
 x - an uncursed ring of stealth
 E - an amulet of the gourmand (around neck)
 O - a ring of poison resistance (left hand)
Wands
 i - a wand of slowing (13/48)
Scrolls
 b - 2 scrolls of amnesia
 j - a scroll of enchant armour
 m - a scroll of fear
 n - 4 scrolls of teleportation
 r - 2 scrolls of recharging
 t - 2 scrolls of immolation
 F - a scroll of fog
 L - 3 scrolls of remove curse
Potions
 e - 2 potions of agility
 g - a potion of mutation
 l - a potion of magic
 p - a potion of flight
 z - 2 potions of cure mutation
 A - 5 potions of curing
 I - a potion of cancellation
 M - a potion of resistance
Books
 u - a book of Ice

   Spells                             Type                      Level
   a - Ice Form                       Ice/Transmutation            4
   b - Metabolic Englaciation         Hexes/Ice                    5
   c - Ozocubu's Refrigeration        Ice                          6
   d - Bolt of Cold                   Conjuration/Ice              6
   e - Freezing Cloud                 Conjuration/Ice/Air          6
   f - Simulacrum                     Ice/Necromancy               6
 B - a Necronomicon

   Spells                             Type                      Level
   a - Haunt                          Necromancy/Summoning         7
   b - Borgnjor's Revivification      Necromancy                   8
   c - Death's Door                   Charms/Necromancy            8
   d - Necromutation                  Transmutation/Necromancy     8
 C - a book of Cantrips

   Spells                             Type                      Level
   a - Corona                         Hexes                        1
   b - Animate Skeleton               Necromancy                   1
   c - Summon Small Mammal            Summoning                    1
   d - Apportation                    Translocation                1
 N - a book of Enchantments

   Spells                             Type                      Level
   a - Cause Fear                     Hexes                        4
   b - Yara's Violent Unravelling     Hexes/Transmutation          5
   c - Silence                        Hexes/Air                    5
   d - Deflect Missiles               Charms/Air                   6
   e - Haste                          Charms                       6
   f - Discord                        Hexes                        8
Comestibles
 f - 5 bread rations
 k - 4 meat rations


   Skills:
 + Level 11.5 Fighting
 * Level 16.5 Axes
 + Level 10.7 Armour
 - Level 3.2 Shields
 + Level 8.9 Invocations


You had 11 spell levels left.
You didn't know any spells.

Dungeon Overview and Level Annotations

Branches:
Dungeon (8/15)             Temple (0/1) D:7            Lair (3/8) D:8
  Swamp: Lair:3-6    Shoals: Lair:3-6     Snake: Lair:3-6    Spider: Lair:3-6

Altars:
Cheibriados
Dithmenos
Kikubaaqudgha
Nemelex Xobeh
Okawaru
Qazlal
Ru
Sif Muna
Xom
The Shining One

Shops:
D:4 :?   D:6 (

Annotations:
Lair:3 Sonja


Message History

You feel yourself growing ill in the presence of the ancient zyme.
The sixfirhy hits you but does no damage.
You block the sixfirhy's attack.
Found 48 gold pieces and a bubbling grey potion.
You feel ill.
A small abomination comes into view.
The sixfirhy hits you.
* * * LOW HITPOINT WARNING * * *
The sixfirhy shocks you!
* * * LOW HITPOINT WARNING * * *
You block the sixfirhy's attack.
The small abomination moves out of view.
You block the sixfirhy's attack. The sixfirhy barely misses you.
A tentacled starspawn comes into view.
The neqoxec gestures.
The sixfirhy hits you!
* * * LOW HITPOINT WARNING * * *
The sixfirhy shocks you!
You die...

.. #. .. . .# #.
#.#.# .... ..#. #.
.#.#... ...##.....
......... #.....#
### .. ##@## ##.##
#.#
##..4###...###...
.#.....#.....#....
...................
...#.....#.....#..
...###..X###...##
.. #.# ##.## ##.##
#.# ..
#x..###...###...
#.... # ...3#....


You could see a tentacled starspawn, a sixfirhy and a small abomination.

Vanquished Creatures
  3 elephants (Lair:3)
  The ghost of daning the Slasher, a novice HESk (D:6)
  3 black mambas
  4 spiny frogs
  A rime drake (Lair:1)
  2 komodo dragons (Lair:3)
  An ancient zyme (Abyss:2)
  Prince Ribbit (D:7)
  21 blink frogs
  Sigmund (D:5)
  3 hippogriffs
  13 yaks (Lair:3)
  2 basilisks (Lair:3)
  2 hell hounds (D:8)
  7 water moccasins
  A sky beast (D:7)
  An ice beast (D:5)
  7 porcupines
  2 phantoms
  2 black bears
  4 centaurs
  A wolf (Lair:3)
  5 ogres
  4 crocodiles
  Blork the orc (D:6)
  9 giant frogs
  5 wights (D:6)
  5 crimson imps
  A centaur zombie (D:4)
  A quasit (D:8)
  2 hounds
  A jelly (D:7)
  An orc priest (D:6)
  A centaur skeleton (D:4)
  4 iguanas
  4 worker ants
  4 orc wizards
  A hound zombie (D:4)
  3 worker ant zombies (D:4)
  Robin (D:2)
  A howler monkey skeleton (D:4)
  4 gnolls (D:6)
  13 adders
  23 river rats
  2 shadow imps
  An ooze (D:6)
  An adder zombie (D:4)
  3 adder skeletons (D:4)
  A worm (D:5)
  5 dart slugs
  4 giant geckos
  23 orcs
  2 giant cockroaches
  9 hobgoblins
  14 jackals
  5 kobolds
  4 ball pythons
  5 bats (D:3)
  A giant gecko skeleton (D:4)
  A giant gecko zombie (D:4)
  3 giant newts
  23 goblins
  2 jackal skeletons (D:4)
  8 rats
294 creatures vanquished.

Vanquished Creatures (others)
  An orc priest (D:6)
  An orc wizard (D:6)
  An orc (D:6)
  8 fungi (Lair:3)
  6 plants (Lair:3)
17 creatures vanquished.

Grand Total: 311 creatures vanquished

Notes
Turn   | Place    | Note
--------------------------------------------------------------
     0 | D:1      | Loading the Hill Orc Fighter began the quest for the Orb.
     0 | D:1      | Reached XP level 1. HP: 19/19 MP: 1/1
   147 | D:1      | Reached skill level 3 in Axes
   207 | D:1      | Reached XP level 2. HP: 27/27 MP: 2/2
   726 | D:2      | Noticed Robin
   730 | D:2      | Reached XP level 3. HP: 31/33 MP: 3/3
   737 | D:2      | Killed Robin
   737 | D:2      | Reached skill level 4 in Axes
   771 | D:2      | Found a faded altar to an unknown god.
   893 | D:2      | Reached XP level 4. HP: 22/41 MP: 4/4
   894 | D:2      | Found a shimmering altar of Xom.
  1289 | D:2      | Found a glowing golden altar of the Shining One.
  1407 | D:2      | Reached skill level 5 in Axes
  1420 | D:2      | Found a snail-covered altar of Cheibriados.
  1662 | D:3      | Reached XP level 5. HP: 23/47 MP: 5/5
  1999 | D:3      | Noticed an ogre
  2015 | D:3      | Killed an ogre
  2015 | D:3      | Reached skill level 5 in Fighting
  2103 | D:3      | Reached skill level 6 in Axes
  2293 | D:4      | Reached XP level 6. HP: 56/56 MP: 6/6
  2681 | D:4      | Found Opureyfoe's Magic Scroll Boutique.
  2694 | D:4      | Reached skill level 5 in Armour
  2770 | D:4      | Reached skill level 7 in Axes
  2771 | D:4      | Reached XP level 7. HP: 38/61 MP: 7/7
  2986 | D:4      | Found Mej Reo's Book Shop.
  3198 | D:5      | Entered Level 5 of the Dungeon
  3203 | D:5      | Noticed Sigmund
  3209 | D:5      | Killed Sigmund
  3209 | D:5      | Reached skill level 8 in Axes
  3326 | D:5      | Reached XP level 8. HP: 62/71 MP: 8/8
  3407 | D:5      | Found a shadowy altar of Dithmenos.
  3422 | D:5      | Reached skill level 9 in Axes
  3429 | D:5      | Found a sparkling altar of Nemelex Xobeh.
  3813 | D:5      | Found an ancient bone altar of Kikubaaqudgha.
  3990 | D:6      | Reached skill level 10 in Axes
  4164 | D:6      | Found Killiug's Antique Weapon Boutique.
  4170 | D:6      | Noticed daning's ghost (novice HESk)
  4355 | D:6      | Killed daning's ghost
  4355 | D:6      | Reached skill level 11 in Axes
  4355 | D:6      | Reached XP level 9. HP: 72/81 MP: 9/9
  4387 | D:6      | Became a worshipper of Beogh the Brigand
  4448 | D:6      | Found a sparkling altar of Nemelex Xobeh.
  4885 | D:6      | Reached * piety under Beogh
  4939 | D:6      | Noticed Blork the orc
  4948 | D:6      | Killed Blork the orc
  5007 | D:7      | Found a deep blue altar of Sif Muna.
  5042 | D:7      | Got an ancient ring mail
  5064 | D:7      | Found a sacrificial altar of Ru.
  5104 | D:7      | Reached skill level 1 in Invocations
  5257 | D:7      | Found an iron altar of Okawaru.
  5271 | D:7      | Reached skill level 12 in Axes
  5388 | D:7      | Found a staircase to the Ecumenical Temple.
  5544 | D:7      | Identified the +2 ring mail of Agnosticism {rF++ rC+ Int+4 Dex+2} (You found it on level 7 of the Dungeon)
  5589 | D:7      | Noticed Prince Ribbit
  5624 | D:7      | Killed Prince Ribbit
  5624 | D:7      | Reached XP level 10. HP: 50/90 MP: 12/12
  5637 | D:7      | Got an iridescent hand axe
  5638 | D:7      | Identified the +7 hand axe "Zoozed" {freeze, Stlth+} (You found it on level 7 of the Dungeon)
  5827 | D:8      | Found a staircase to the Lair.
  6097 | D:8      | Found an iron altar of Okawaru.
  6201 | D:8      | Found a stormy altar of Qazlal.
  6208 | D:8      | Reached skill level 13 in Axes
  6488 | Lair:1   | Entered Level 1 of the Lair of Beasts
  6494 | Lair:1   | Noticed a black mamba
  6508 | Lair:1   | Killed a black mamba
  6516 | Lair:1   | Reached ** piety under Beogh
  7176 | Lair:1   | Reached skill level 5 in Invocations
  7275 | Lair:1   | Reached skill level 14 in Axes
  7280 | Lair:1   | Reached skill level 10 in Fighting
  7280 | Lair:1   | Reached XP level 11. HP: 50/99 MP: 15/15
  9063 | Lair:3   | Reached skill level 15 in Axes
  9628 | Lair:3   | Reached skill level 10 in Armour
 10212 | Lair:3   | Reached XP level 12. HP: 44/110 MP: 16/18
 10214 | Lair:3   | Reached *** piety under Beogh
 10435 | Lair:3   | Reached skill level 16 in Axes
 10899 | Lair:3   | Noticed Sonja
 11105 | Lair:3   | Cast into level 2 of the Abyss (Sonja)
 11147 | Abyss:2  | Found a corrupted altar of Lugonu.
 11204 | Abyss:2  | Noticed a tentacled starspawn
 11207 | Abyss:2  | HP: 2/110 [sixfirhy (9)]
 11207 | Abyss:2  | Mangled by a sixfirhy

Skill      XL: |  1  2  3  4  5  6  7  8  9 10 11 12 |
---------------+-------------------------------------+-----
Axes           | 3 4 5 6 7 8 11 12 14 15 16 | 16.5
Fighting       | 4 5 6 7 8 10 11 | 11.5
Armour         | 4 5 7 8 9 10 | 10.7
Invocations    | 3 5 8 |  8.9
Shields        | |  3.2

Action                   |  1- 3 |  4- 6 |  7- 9 | 10-12 || total
-------------------------+-------+-------+-------+-------++-------
Melee: War axe           |    79 |   227 |   347 |       ||   653
       Hand axe          |       |       |       |   480 ||   480
Invok: Convert to Beogh  |       |       |     1 |       ||     1
  Use: Scroll            |     3 |     3 |     9 |     7 ||    22
       Potion            |       |     1 |     2 |     6 ||     9
 Stab: Sleeping          |       |       |       |     2 ||     2
  Eat: Chunk             |       |     7 |     5 |    20 ||    32
       Bread ration      |       |       |     1 |       ||     1
       Royal jelly       |       |       |       |     1 ||     1
       Fruit             |       |       |       |     2 ||     2
       Beef jerky        |       |       |       |     2 ||     2
       Pizza             |       |       |       |     1 ||     1
Armor: Scale mail        |    38 |   111 |    19 |       ||   168
       Chain mail        |       |       |   103 |       ||   103
       Ring mail         |       |       |     9 |   116 ||   125
Dodge: Dodged            |    17 |    81 |    54 |    95 ||   247
Block: Shield            |    50 |   102 |   127 |   186 ||   465
